 Dungeon Crawl Stone Soup version 0.18-a0-1418-ga86aa8f (webtiles) character file.

211 Tomstefer the Conjurer (level 5, -1/28 HPs)
             Began as a Tengu Conjurer on Feb 26, 2016.
             Was an Initiate of Sif Muna.
             Slain by a phantom (4 damage)
             ... on level 4 of the Dungeon.
             The game lasted 00:09:44 (3720 turns).

Tomstefer the Conjurer (Tengu Conjurer)             Turns: 3720, Time: 00:09:44

Health: -1/28      AC:  3    Str:  9    XL:     5   Next: 88%
Magic:  13/20      EV: 13    Int: 16    God:    Sif Muna [......]
Gold:   139        SH:  0    Dex: 14    Spells: 1 memorised, 10 levels left

rFire  . . .     SeeInvis .     h - +3 mace "Wohotopoet" {freeze, MP+9} (curse)
rCold  . . .     Gourm    .     q - +0 leather armour
rNeg   . . .     Faith    .     (no shield)
rPois  .         Spirit   .     (helmet restricted)
rElec  .         Dismiss  .     (no cloak)
rCorr  .         Reflect  .     (no gloves)
SustAt .         Harm     .     (boots unavailable)
MR     .....                    (no amulet)
Stlth  ++........               (no ring)
                                (no ring)

@: very slightly contaminated, hasted, very quick, not resistant to hostile
enchantments, unstealthy
A: beak, talons 3, able to fly 1
a: Fly, Renounce Religion


You were on level 4 of the Dungeon.
You worshipped Sif Muna.
Sif Muna was noncommittal.
You were not hungry.

You visited 2 branches of the dungeon, and saw 5 of its levels.

You collected 139 gold pieces.

Inventory:

Hand Weapons
 h - the cursed +3 mace "Wohotopoet" (weapon) {freeze, MP+9}
   (You found it on level 4 of the Dungeon)

   It has been specially enchanted to freeze those struck by it, causing extra
   injury to most foes and up to half again as much damage against particularly
   susceptible opponents.
   It can also slow down cold-blooded creatures.
   It affects your magic capacity (+9).
   It has a curse placed upon it.
 n - a +0 short sword
 r - a +0 spear
Armour
 a - a +0 robe
 q - a +0 leather armour (worn)
Scrolls
 e - 2 scrolls of remove curse
 g - 2 scrolls of teleportation
 i - 3 scrolls of blinking
 j - a scroll of amnesia
 l - 3 scrolls of recharging
 v - a scroll of magic mapping {unknown}
 w - 4 scrolls of enchant armour {unknown}
 y - a scroll of fear {unknown}
Potions
 d - 2 potions of haste
 p - a potion of flight {unknown}
 s - a potion of mutation {unknown}
 t - a potion of cancellation {unknown}
 u - a potion of resistance {unknown}
 x - 2 potions of curing {unknown}
Books
 b - a book of Conjurations

   Spells                             Type                      Level
   a - Magic Dart                     Conjuration                  1
   b - Searing Ray                    Conjuration                  2
   c - Dazzling Spray                 Conjuration/Hexes            3
   d - Fulminant Prism                Conjuration/Hexes            4
   e - Iskenderun's Mystic Blast      Conjuration                  4
   f - Iskenderun's Battlesphere      Conjuration/Charms           5
Comestibles
 c - 2 bread rations
 f - 2 chunks of flesh
 k - 2 beef jerkies
 m - a meat ration
 o - a slice of pizza


   Skills:
 + Level 3.7 Dodging
 - Level 2.0 Stealth
 + Level 3.5 Spellcasting
 - Level 7.0 Conjurations


You had 10 spell levels left.
You knew the following spells:

 Your Spells              Type           Power        Failure   Level  Hunger
a - Magic Dart            Conj           ####         1%          1    None


Dungeon Overview and Level Annotations

Branches:
Dungeon (4/15)             Temple (1/1) D:4

Altars:
Ashenzari
Cheibriados
Elyvilon
Kikubaaqudgha
Nemelex Xobeh
Qazlal
Ru
Sif Muna
Vehumet
Xom
Yredelemnul


Innate Abilities, Weirdness & Mutations

You have a beak for a mouth.
You have claws for feet.
You can fly.


Message History

The phantom is severely damaged.
Casting: Magic Dart
Confirm with . or Enter, or press ? or * to list all spells.
Aiming: Magic Dart
Press: ? - help, Shift-Dir - straight line, f/p - phantom
Aim: a phantom (severely damaged)
The magic dart hits the phantom.
The phantom is almost destroyed.
The phantom hits you! The phantom hits you.
* * * LOW HITPOINT WARNING * * *
You can't go up here!
Drink which item? (? for menu, Esc to quit)
You feel yourself speed up. The phantom hits you.
* * * LOW HITPOINT WARNING * * *
You are very lightly contaminated with residual magic.
You barely miss the phantom.
The phantom is almost destroyed.
The phantom hits you.
You die...

##. #.....###
###...###.........
##........#...$....
##..######...# ##
#...........########
##......###.##.......
##.......###.#........
#....W............#..#
#.#..@...##.......#.##
# #.>....##.......#.#
#......##.......#.#
....>...##.........#
###....(.####....####
######.# #.#### ...
.... ....... .....


You could see a phantom.

Vanquished Creatures
  A scorpion (D:4)
  A hound (D:4)
  Jessica (D:3)
  3 adders (D:3)
  5 dart slugs
  A giant gecko (D:3)
  5 orcs
  A ball python (D:1)
  8 bats
  7 giant cockroaches
  5 goblins
  5 hobgoblins
  4 jackals
  2 quokkas
  5 giant newts
  7 kobolds
  6 rats
67 creatures vanquished.

Notes
Turn   | Place    | Note
--------------------------------------------------------------
     0 | D:1      | Tomstefer the Tengu Conjurer began the quest for the Orb.
     0 | D:1      | Reached XP level 1. HP: 10/10 MP: 4/4
   221 | D:1      | Reached XP level 2. HP: 15/15 MP: 4/6
   313 | D:1      | Reached skill level 6 in Conjurations
  1011 | D:1      | Reached XP level 3. HP: 19/19 MP: 2/7
  1629 | D:2      | Found a radiant altar of Vehumet.
  1727 | D:2      | Found a sparkling altar of Nemelex Xobeh.
  2262 | D:3      | Reached skill level 7 in Conjurations
  2412 | D:3      | Reached XP level 4. HP: 24/24 MP: 5/8
  2506 | D:3      | Noticed Jessica
  2509 | D:3      | Killed Jessica
  3131 | D:3      | Gained mutation: You can fly. [Tengu growth]
  3131 | D:3      | Reached XP level 5. HP: 28/28 MP: 8/10
  3423 | D:4      | Found a staircase to the Ecumenical Temple.
  3450 | D:4      | Got an ancient mace
  3455 | D:4      | Identified the cursed +3 mace "Wohotopoet" {freeze, MP+9} (You found it on level 4 of the Dungeon)
  3461 | Temple   | Entered the Ecumenical Temple
  3484 | Temple   | Became a worshipper of Sif Muna the Loreminder
  3547 | D:4      | Found a sparkling altar of Nemelex Xobeh.
  3695 | D:4      | Noticed a phantom
  3720 | D:4      | Slain by a phantom

Vault maps used:
D:1:      dpeg_arrival_arbitrary_b
D:2:      nicolae_overflow_crystal_walls, nemelex_diamond_rough_becter
D:3:      gup_sewer_entry_bowl, minmay_ruptured, uniq_jessica
D:4:      nemelex_xobeh_ov_fountains_minmay, minmay_misc_feat_five
Temple:   circular_temple_12

Skill      XL: |  1  2  3  4  5 |
---------------+----------------+-----
Conjurations   | 6 7 |  7.0
Dodging        | 3 |  3.7
Spellcasting   | 3 |  3.5
Stealth        | |  2.0

Action                   |  1- 3 |  4- 6 || total
-------------------------+-------+-------++-------
Melee: Unarmed           |     1 |       ||     1
       Spear             |     5 |     9 ||    14
       Short sword       |     1 |       ||     1
       Mace              |       |     6 ||     6
 Cast: Magic Dart        |    76 |    67 ||   143
  Use: Scroll            |     6 |     2 ||     8
       Potion            |       |     1 ||     1
 Stab: Distracted        |     1 |       ||     1
  Eat: Chunk             |     6 |     4 ||    10
